 Dungeon Crawl Stone Soup version 0.28-a0-1616-g050a50673c (webtiles) character file.

Game seed: 6241432110766538764

306 bladeefan the Skirmisher (level 6, -1/51 HPs)
             Began as a Demonspawn Berserker on Jan 22, 2022.
             Was a Believer of Trog.
             Slain by Grinder (3 damage)
             ... on level 4 of the Dungeon.
             The game lasted 00:07:11 (4654 turns).

bladeefan the Skirmisher (Demonspawn Berserker)     Turns: 4654, Time: 00:07:11

Health: -1/51      AC: 11    Str: 19    XL:     6   Next: 16%
Magic:  6/6        EV:  6    Int:  8    God:    Trog [**....]
Gold:   215        SH:  0    Dex: 13    Spells: 5/5 levels left

rFire   + . .      SeeInvis .   a - +0 mace
rCold   x . .      Faith    .   (no shield)
rNeg    . . .      Spirit   .   c - +0 plate armour
rPois   .          Reflect  .   (helmet restricted)
rElec   .          Harm     .   (no cloak)
rCorr   .          Rampage  .   (no gloves)
Will    +++..                   (no boots)
Stlth   ..........              (no amulet)
HPRegen 1.17/turn               g - ring of willpower
MPRegen 0.10/turn               e - ring of fire

@: mighty, strong-willed, on berserk cooldown, regenerating, slowed, very slow
A: antennae 1, demonic magic 2
a: Renounce Religion, Berserk, Trog's Hand


You were on level 4 of the Dungeon.
You worshipped Trog.
Trog was pleased with you.
You visited 1 branch of the dungeon, and saw 4 of its levels.

You collected 215 gold pieces.

Inventory:

Hand Weapons
 a - a +0 mace (weapon)
Armour
 c - a +0 plate armour (worn)
   (You found it on level 1 of the Dungeon)
 h - a +0 cloak
   (You took it off Crazy Yiuf on level 2 of the Dungeon)
Jewellery
 e - a ring of fire (right hand)
   (You found it on level 4 of the Dungeon)
 g - a ring of willpower (left hand)
   (You found it on level 2 of the Dungeon)
Scrolls
 b - a scroll of fear {unknown}
 d - 3 scrolls of identify {@r1}
 j - a scroll of amnesia {unknown}
 l - 2 scrolls of fog {unknown}
Potions
 f - a potion of mutation {unknown}
 i - a potion of curing {@q1}
 k - a potion of might
 m - a potion of brilliance {unknown}


   Skills:
 * Level 5.2 Fighting
 + Level 3.8 Maces & Flails
 + Level 3.2 Armour
 - Level 2.2 Dodging


You had 5 spell levels left.
You didn't know any spells.
Your spell library was empty.

Dungeon Overview and Level Annotations

Branches:
Dungeon (4/15)
 Temple: D:4-7

Altars:
Dithmenos
Fedhas

Shops:
D:1 !

Annotations:
D:4 Grinder


Innate Abilities, Weirdness & Mutations

You have a pair of small antennae on your head.
Spells you cast may paralyse nearby enemies.


Message History

You writhe in agony.
You closely miss Grinder. Grinder barely misses you.
You sock Grinder!
Grinder blinks!
You feel a strong urge to attack something.
Grinder gestures at you.
You suddenly lose the ability to move!
Grinder gestures at you. Pain shoots through your body!
You can move again.
Grinder gestures at you. You resist with some effort.
You feel your anger nearly subside.
You are no longer berserk.
You are exhausted.
You feel yourself slow down.
As you read the scroll labelled EZXOOL LIMOSOS, it crumbles to dust.
It is a scroll of identify.
k - 2 potions of might You feel very mighty all of a sudden.
Grinder hits you.
You writhe in agony.
Grinder gestures at you. You resist with almost no effort.
You closely miss Grinder. Grinder hits you but does no damage. x2
You closely miss Grinder. Grinder hits you but does no damage.
You hit Grinder. Grinder gestures at you. You resist with almost no effort.
Grinder hits you.
* * * LOW HITPOINT WARNING * * *
You barely miss Grinder. Grinder closely misses you.
Grinder hits you but does no damage.
You hit Grinder. Grinder barely misses you. Grinder hits you.
* * * LOW HITPOINT WARNING * * *
You writhe in agony.
* * * LOW HITPOINT WARNING * * *
Your skin crawls.
You feel strong-willed. Grinder hits you but does no damage.
You barely miss Grinder. Grinder hits you.
* * * LOW HITPOINT WARNING * * *
You writhe in agony.
* * * LOW HITPOINT WARNING * * *
Grinder hits you.
* * * LOW HITPOINT WARNING * * *
You writhe in agony.
* * * LOW HITPOINT WARNING * * *
You thump Grinder! Grinder hits you.
* * * LOW HITPOINT WARNING * * *
Grinder hits you.
* * * LOW HITPOINT WARNING * * *
You writhe in agony.
You die...

####
#......####.######
#....)......#
######......######
###.............#
............###.#
###.###.>.#.## .#
# #.#....$# #
##5#.$..##.
##@.......
#.............
######.......#
#.#...############
#.#.>.# #........
#.##.## #.####.##
#.##.# #.# #.#..
#.##.# #.# ##.##
#####.##.## #.#
#.#


You could see Grinder.

Vanquished Creatures
  A scorpion (D:4)
  A hound (D:4)
  An orc priest (D:4)
  Crazy Yiuf (D:2)
  5 adders
  3 adder skeletons (D:4)
  2 worms
  3 dart slugs
  7 orcs
  3 endoplasms (D:1)
  3 giant cockroaches
  7 goblins
  7 hobgoblins
  6 jackals
  4 kobolds (D:1)
  7 quokkas
  4 ball pythons
  6 bats
  6 frilled lizards
  7 rats
84 creatures vanquished.

Vanquished Creatures (others)
  2 fungi (D:2)
2 creatures vanquished.

Grand Total: 86 creatures vanquished

Notes
Turn   | Place    | Note
-------+----------+-------------------------------------------
     0 | D:1      | bladeefan the Demonspawn Berserker began the quest for the
                  | Orb.
     0 | D:1      | Reached XP level 1. HP: 18/18 MP: 1/1
   224 | D:1      | Gained mutation: Spells you cast may paralyse adjacent
                  | enemies. [demonic ancestry]
   224 | D:1      | Reached XP level 2. HP: 16/24 MP: 2/2
   629 | D:1      | Found a faded altar of an unknown god.
   723 | D:1      | Found Vegrequ's Distillery.
   831 | D:1      | Gained mutation: You have a pair of small antennae on your
                  | head. [demonic ancestry]
   831 | D:1      | Reached XP level 3. HP: 29/29 MP: 3/3
  1531 | D:2      | Reached ** piety under Trog
  2027 | D:2      | Reached skill level 4 in Fighting
  2027 | D:2      | Reached XP level 4. HP: 37/37 MP: 4/4
  2509 | D:2      | Found a runed translucent door.
  2510 | D:2      | Noticed Crazy Yiuf
  2518 | D:2      | Killed Crazy Yiuf
  3731 | D:3      | Gained mutation: Spells you cast may paralyse nearby
                  | enemies. [demonic ancestry]
  3731 | D:3      | Reached XP level 5. HP: 42/43 MP: 5/5
  4015 | D:4      | Reached skill level 5 in Fighting
  4052 | D:4      | Found a shadowy altar of Dithmenos.
  4052 | D:4      | Noticed Grinder
  4389 | D:4      | Found a blossoming altar of Fedhas.
  4496 | D:4      | Reached XP level 6. HP: 48/51 MP: 6/6
  4635 | D:4      | Paralysed by Grinder for 4 turns
  4654 | D:4      | HP: 2/51 [Grinder (3)]
  4654 | D:4      | Slain by Grinder

Illustrated notes

Levels and vault maps discovered:
D:1:      lemuel_arrival_cross, layout_basic, serial_shops,
          nicolae_shop_hallway_plus, hellmonk_ecumenical_altar_inner_sanctum
D:2:      layout_loops_ring, uniq_crazy_yiuf_cottage
D:3:      layout_basic
D:4:      layout_loops_ring, mainiacjoe_overflow_six_doors_small,
          fedhas_altar_3, grunt_gozag_breadcrumbs, uniq_grinder

Skill      XL: |  1  2  3  4  5 |
---------------+----------------+-----
Armour         | 2 3 |  3.2
Dodging        | 2 |  2.2
Maces & Flails | 3 |  3.8
Fighting       | 4 5 |  5.2

Action                   |  1- 3 |  4- 6 || total
-------------------------+-------+-------++-------
Melee: Mace              |   134 |   177 ||   311
       Punch             |     2 |     2 ||     4
Invok: Berserk           |     2 |     3 ||     5
       Trog's Hand       |       |     2 ||     2
  Use: Scroll            |       |     3 ||     3
       Potion            |       |     1 ||     1
Armor: Animal skin       |     4 |       ||     4
       Plate armour      |    82 |   102 ||   184
Dodge: Dodged            |    61 |    57 ||   118

Table legend: (Time is in decaauts)
 A = Elapsed time spent in this place.
 B = Non-inter-level travel time spent in this place.
 C = Inter-level travel time spent in this place.
 D = Time resting spent in this place.
 E = Time spent auto-exploring this place.
 F = Levels seen in this place.
 G = Mean time per level.
                   A        B        C        D        E       F      G
               +--------+--------+--------+--------+--------+-----+--------+
         Total |   4764 |   4637 |    127 |    935 |   2899 |   4 | 1191.0 |
       Dungeon |   4764 |   4637 |    127 |    935 |   2899 |   4 | 1191.0 |
               +--------+--------+--------+--------+--------+-----+--------+

Top non-repeatable levels by time:
     D:2: 1396 daAuts
     D:1: 1355 daAuts
     D:3: 1277 daAuts
     D:4: 735 daAuts
